 Dungeon Crawl Stone Soup version 0.27.0-1-g7a089689b8 (webtiles) character file.

Game seed: 10123480544616834876

201 gimp the Magician (level 5, 0/38 HPs)
             Began as a Mummy Warper on Aug 11, 2021.
             Killed by divine providence
             ... invoked by an orc priest
              (11 damage)
             ... on level 4 of the Dungeon.
             The game lasted 00:06:39 (3791 turns).

gimp the Magician (Mummy Warper)                    Turns: 3791, Time: 00:06:39

Health: 0/38       AC:  4    Str: 14    XL:     5   Next: 50%
Magic:  13/13      EV: 16    Int: 14    God:
Gold:   95         SH:  0    Dex: 11    Spells: 16/16 levels left

rFire    x . .     SeeInvis .   b - +0 short sword (drain)
rCold    + . .     Faith    .   (no shield)
rNeg     + + +     Spirit   .   e - +0 leather armour
rPois    ∞         Reflect  .   (no helmet)
rElec    .         Harm     .   (no cloak)
rCorr    .         Rampage  .   (no gloves)
Will     .....                  n - +0 pair of boots
Stlth    +.........             (no amulet)
HPRegen  0.12/turn              p - +4 ring of slaying
MPRegen  0.13/turn              l - +4 ring of evasion

@: no status effects
A: cold resistance 1, negative energy resistance 3, torment resistance 2, heat
vulnerability 1, no potions
a: no special abilities


You were on level 4 of the Dungeon.
You visited 1 branch of the dungeon, and saw 4 of its levels.

You collected 95 gold pieces.

Inventory:

Hand Weapons
 a - a +0 spear
 b - a +0 short sword of draining (weapon)
Missiles
 d - 5 boomerangs of dispersal (quivered)
 r - a throwing net
Armour
 e - a +0 leather armour (worn)
 m - a +2 pair of boots
 n - a +0 pair of boots (worn)
 s - a +0 pair of gloves
Jewellery
 g - a ring of flight
 l - a +4 ring of evasion (right hand)
 p - a +4 ring of slaying (left hand)
Scrolls
 c - a scroll of blinking
 f - 2 scrolls of identify {unknown}
 h - 4 scrolls of fear {unknown}
 i - a scroll of enchant armour {unknown}
 j - a scroll of enchant weapon {unknown}
 k - 2 scrolls of magic mapping {unknown}
 o - a scroll of teleportation {unknown}
 q - a scroll of amnesia {unknown}


   Skills:
 - Level 2.0 Fighting
 - Level 1.5 Polearms
 - Level 0.7 Throwing
 - Level 0.7 Armour
 + Level 2.9 Dodging
 + Level 6.1 Spellcasting
 - Level 2.4 Translocations


You had 16 spell levels left.
You didn't know any spells.
Your spell library contained the following spells:

 Spells                   Type           Power      Damage    Failure   Level
 Blink                    Tloc           N/A        N/A       11%         2
 Gell's Gravitas          Tloc           5%         N/A       22%         3
 Lesser Beckoning         Tloc           5%         N/A       22%         3
 Teleport Other           Tloc           11%        N/A       22%         3
 Manifold Assault         Tloc           11%        N/A       90%         5


Dungeon Overview and Level Annotations

Branches:
Dungeon (4/15)
 Temple: D:4-7

Altars:
Dithmenos
Gozag
Hepliaklqana
Uskayaw
Wu Jian
Yredelemnul
Zin


Innate Abilities, Weirdness & Mutations

You are immune to poison.
Your flesh is cold resistant. (rC+)
You are immune to negative energy. (rN+++)
You are immune to unholy pain and torment.
You are vulnerable to heat. (rF-)
You do not drink.


Message History

An iguana is nearby!
You reach to attack!
You barely miss the iguana. The iguana misses you.
You hit the iguana but do no damage. The iguana misses you.
You closely miss the iguana. The iguana misses you.
You closely miss the iguana. The iguana bites you!
You take 9 damage, and have 29/38 hp.
MASSIVE DAMAGE!!
You barely miss the iguana. The iguana bites you!
You take 8 damage, and have 21/38 hp.
MASSIVE DAMAGE!!
You barely miss the iguana. The iguana closely misses you.
You see here a +0 leather armour.
You sense an unholy aura.
b - a +0 short sword of draining (weapon)
You hit the iguana.
The iguana is moderately wounded.
The iguana closely misses you. The iguana completely misses you.
You barely miss the iguana.
The iguana is moderately wounded.
The iguana bites you.
You take 3 damage, and have 20/38 hp.
You barely miss the iguana.
The iguana is lightly wounded.
The iguana bites you!
* * * LOW HITPOINT WARNING * * *
You take 10 damage, and have 10/38 hp.
MASSIVE DAMAGE!!
You can't drink.
Unknown command.
You aren't carrying any items that you can evoke without wielding.
Unknown command.
An orc comes into view. It is wielding a +0 dagger.
The orc shouts!
An orc priest comes into view. It is wielding a +0 flail.
Found a runed dagger.
The orc priest shouts!
An ogre comes into view. It is wielding a +0 giant club.
Blink to where?
Press: ? - help, Dir - move target, p - iguana
As you read the scroll of blinking, it crumbles to dust.
The orc priest mumbles some strange prayers to Beogh against you.
Beogh smites you!
You die...

.....)_#....
#......#......
###.............
............... ###++####
#.8.8.8.....
........###..........
....(#..........#..#
.......)........#..###
.......[.......)@....#..
.....###.#>##...........
.!.......#.........#.#...
.....##......§###........
....#####.....l....#.....
....# ....##........##...
..... ###########.......#
..... ..oo.... .?..##
.........


You could see an orc priest and an orc.

Vanquished Creatures
  2 orc priests (D:3)
  A gnoll (D:1)
  3 adders
  3 adder zombies (D:3)
  2 worms (D:3)
  3 dart slugs
  3 orcs (D:3)
  10 endoplasms
  A giant cockroach (D:2)
  2 goblins (D:1)
  7 hobgoblins
  9 jackals
  4 quokkas
  4 ball pythons
  8 bats
  7 frilled lizards
  6 kobolds
  5 rats
80 creatures vanquished.

Notes
Turn   | Place    | Note
-------+----------+-------------------------------------------
     0 | D:1      | gimp the Mummy Warper began the quest for the Orb.
     0 | D:1      | Reached XP level 1. HP: 16/16 MP: 4/4
    73 | D:1      | Reached skill level 3 in Spellcasting
    83 | D:1      | Reached XP level 2. HP: 12/22 MP: 4/6
   530 | D:1      | Reached skill level 4 in Spellcasting
  1033 | D:1      | Reached XP level 3. HP: 21/27 MP: 8/8
  1539 | D:2      | Found a faded altar of an unknown god.
  1545 | D:2      | Reached skill level 5 in Spellcasting
  1757 | D:2      | Found an ornate altar of the Wu Jian Council.
  2098 | D:2      | Reached XP level 4. HP: 24/33 MP: 11/11
  2728 | D:3      | Found a basalt altar of Yredelemnul.
  2954 | D:3      | Reached XP level 5. HP: 38/38 MP: 13/13
  3205 | D:3      | Found an opulent altar of Gozag.
  3312 | D:3      | Reached skill level 6 in Spellcasting
  3467 | D:3      | Noticed a shadow
  3475 | D:3      | Found a shadowy altar of Dithmenos.
  3476 | D:3      | Found a hazy altar of Hepliaklqana.
  3746 | D:4      | Found a hide-covered altar of Uskayaw.
  3787 | D:4      | Noticed an ogre
  3791 | D:4      | Killed from afar by an orc priest

Illustrated notes

Levels and vault maps discovered:
D:1:      dpeg_arrival_arbitrary_a, layout_basic, minivault_11
D:2:      layout_loops_corners, basic_altar,
          shapermc_ecumenical_altar_totnotflames, minmay_heptomino_h4
D:3:      layout_basic, grunt_temple_overflow_gold_and_silver,
          nicolae_yredelemnul_corpse_copse, riverfiend_overflow_shadow_ancestor
D:4:      layout_rooms, eat_drink_and_be_merry_uskayaw,
          kennysheep_orc_sif_temple, kennysheep_generic_room_4, uniq_duvessa,
          uniq_eustachio

Skill      XL: |  1  2  3  4  5 |
---------------+----------------+-----
Spellcasting   | 3 4 5 6 |  6.1
Dodging        | 2 |  2.9
Fighting       | |  2.0
Polearms       | |  1.5
Throwing       | |  0.7
Armour         | |  0.7
Translocations | |  2.4

Action                   |  1- 3 |  4- 6 || total
-------------------------+-------+-------++-------
Melee: Short sword       |   106 |    25 ||   131
       Spear             |    80 |    96 ||   176
  Use: Scroll            |       |     1 ||     1
Armor: Leather armour    |    66 |    16 ||    82
Dodge: Dodged            |    94 |    67 ||   161
